 Dungeon Crawl Stone Soup version 0.21.1-1-g345015f (webtiles) character file.

16 tidbits the Grave Robber (level 2, -3/20 HPs)
             Began as a Gnoll Necromancer on June 21, 2018.
             Slain by an orc
             ... wielding a +0 club
              (6 damage)
             ... on level 3 of the Dungeon.
             The game lasted 00:02:13 (193 turns).

tidbits the Grave Robber (Gnoll Necromancer)         Turns: 193, Time: 00:02:14

Health: -3/20      AC:  2    Str: 10    XL:     2   Next: 54%
Magic:  0/7        EV: 14    Int: 22    God:
Gold:   32         SH:  0    Dex: 15    Spells: 8/10 levels left

rFire    + . .     SeeInvis .   e - +0 spear
rCold    . . .     Gourm    .   (no shield)
rNeg     . . .     Faith    .   a - +0 robe
rPois    .         Spirit   .   (no helmet)
rElec    .         Reflect  .   (no cloak)
rCorr    .         Harm     .   (no gloves)
MR       .....                  (no boots)
Stlth    +++.......             (no amulet)
HPRegen  0.06/turn              g - ring of protection from fire
MPRegen  0.10/turn              (no ring)

@: brilliant
A: distributed training, fangs 1, strong nose
a: no special abilities


You were on level 3 of the Dungeon.
You were not hungry.

You visited 1 branch of the dungeon, and saw 3 of its levels.

You collected 32 gold pieces.

Inventory:

Hand Weapons
 e - a +0 spear (weapon)
Missiles
 h - a stone (quivered)
Armour
 a - a +0 robe (worn)
Jewellery
 g - a ring of protection from fire (left hand)
   (You found it on level 2 of the Dungeon)
Scrolls
 i - a scroll of remove curse
Books
 b - a book of Necromancy

   Spells                             Type                      Level
   a - Pain                           Necromancy                   1
   b - Animate Skeleton               Necromancy                   1
   c - Vampiric Draining              Necromancy                   3
   d - Regeneration                   Charms/Necromancy            3
   e - Animate Dead                   Necromancy                   4
   f - Borgnjor's Vile Clutch         Necromancy/Earth             5
Comestibles
 c - 2 rations


   Skills:
 + Level 0.4 Fighting
 + Level 0.4 Short Blades
 + Level 0.4 Long Blades
 + Level 0.4 Axes
 + Level 0.4 Maces & Flails
 + Level 0.4 Polearms
 + Level 0.4 Staves
 + Level 0.4 Slings
 + Level 0.4 Bows
 + Level 0.4 Crossbows
 + Level 0.4 Throwing
 + Level 0.4 Armour
 + Level 4.5 Dodging
 + Level 4.1 Stealth
 + Level 0.4 Shields
 + Level 0.4 Unarmed Combat
 + Level 4.9 Spellcasting
 + Level 0.2 Conjurations
 + Level 0.2 Hexes
 + Level 0.2 Charms
 + Level 0.2 Summonings
 + Level 7.0 Necromancy
 + Level 0.2 Translocations
 + Level 0.2 Transmutations
 + Level 0.2 Fire Magic
 + Level 0.2 Ice Magic
 + Level 0.2 Air Magic
 + Level 0.2 Earth Magic
 + Level 0.2 Poison Magic
 + Level 0.5 Invocations
 + Level 0.4 Evocations


You had 8 spell levels left.
You knew the following spells:

 Your Spells              Type           Power        Failure   Level  Hunger
a - Pain                  Necr           ####         1%          1    None
n - Animate Skeleton      Necr           N/A          1%          1    None


Dungeon Overview and Level Annotations

Branches:
Dungeon (2/15)

Altars:
Makhleb
Ru
Uskayaw
Vehumet
Xom


Innate Abilities, Weirdness & Mutations

Your experience applies equally to all skills.
You have very sharp teeth.
Your uncanny sense of smell can sniff out nearby items.


Message History

Attack whom?
Press: ? - help, Dir - move target cursor, f/p - orc
Aim: an orc, wielding a club (severely wounded)
You reach to attack!
You hit the orc.
You kill the orc!
Attack whom?
Press: ? - help, Dir - move target cursor, f - kobold
Aim: a kobold You reach to attack!
You closely miss the kobold. The kobold barely misses you.
You closely miss the kobold. Your bite misses the kobold.
The kobold misses you.
Casting: Pain
Confirm with . or Enter, or press ? or * to list all spells.
Aiming: Pain
Press: ? - help, Shift-Dir - straight line, f/p - kobold
Aim: a kobold (chance to defeat MR: 93%)
The kobold writhes in agony!
You kill the kobold!
Attack whom?
Press: ? - help, Dir - move target cursor, f - goblin
Aim: a goblin You reach to attack!
You hit the goblin.
The goblin is heavily wounded.
You hit the goblin but do no damage.
The goblin is heavily wounded.
The goblin hits you.
* * * LOW HITPOINT WARNING * * *
You hit the goblin but do no damage.
The goblin is heavily wounded.
The goblin hits you but does no damage.
You closely miss the goblin.
The goblin is heavily wounded.
The goblin barely misses you.
You miss the goblin.
The goblin is heavily wounded.
The goblin misses you.
You hit the goblin.
You kill the goblin!
You see here a fuming dark potion.
h - a fuming dark potion
Found a stone staircase leading up.
An orc comes into view. It is wielding a hand axe.
The orc moves out of view.
You see here 12 gold pieces.
You now have 32 gold pieces (gained 12).
The orc shouts!
The orc throws a stone.
The stone hits you but does no damage.
You see here a stone.
An orc wizard comes into view. It is wielding a dagger.
The orc throws a stone.
The stone misses you.
Found an escape hatch in the ceiling.
It was a potion of brilliance.
You feel clever all of a sudden.
The orc throws a stone.
The stone hits you.
* * * LOW HITPOINT WARNING * * *
An orc comes into view. It is wielding a club.
Casting: Pain
Confirm with . or Enter, or press ? or * to list all spells.
Aiming: Pain
Press: ? - help, Shift-Dir - straight line, f - orc
Aim: an orc, wielding a hand axe (chance to defeat MR: 93%)
The orc writhes in agony!
The orc shouts!
The orc wizard shouts!
The orc throws a stone.
The stone barely misses you.
Casting: Pain
Confirm with . or Enter, or press ? or * to list all spells.
Aiming: Pain
Press: ? - help, Shift-Dir - straight line, f/p - orc
Aim: an orc, wielding a hand axe (moderately wounded, chance to defeat MR: 93%)
The orc writhes in agony!
The orc throws a stone.
The stone barely misses you.
The orc throws a stone.
The stone hits you but does no damage.
The orc wizard mumbles some strange words.
The orc wizard blinks!
You see here a stone.
The orc throws a stone.
The stone barely misses you.
Things that are here:
a stone; a scroll labeled SUDDOFOLOUN
h - a stone;
i - a scroll labeled SUDDOFOLOUN The orc throws a stone.
The stone closely misses you.
As you read the scroll labeled VUMAFI GASAFE, it crumbles to dust.
It is a scroll of identify.
i - a scroll of remove curse The orc throws a stone.
The stone completely misses you.
The orc wizard mumbles some strange words.
The orc wizard seems to speed up.
As you read the scroll labeled FOEROE TUUGYSOA, it crumbles to dust.
You feel aware of your surroundings.
It was a scroll of magic mapping.
Attack whom?
Press: ? - help, Dir - move target cursor, f - orc, p - orc
Aim: an orc, wielding a club and wearing a leather armour You reach to attack!
You barely miss the orc.
Unknown command.
You hit the orc.
The orc is lightly wounded.
The orc misses you.
An orc comes into view. It is wielding an antimagic flail.
You hit the orc.
The orc is heavily wounded.
The orc hits you with a club.
You die...

,,,* ,,,* ,,,*
****######### **###.......#
,,..........# ****#.......#
#####.......############
#..........)..(.@......#
#.###..†......(.o......#
*,,,#...........o......#
***,#....._..._........#
*,####........o......# *,*
#._..⌠..........#*****
*,***#.........<......,,,,*
*,,,,......._.o......#***,*
*****##..._.........<# *,*


You could see an orc wizard and 3 orcs.

Vanquished Creatures
  A worm (D:2)
  An orc (D:3)
  A giant cockroach (D:3)
  2 goblins
  A hobgoblin (D:2)
  A kobold (D:3)
  A ball python (D:3)
  A bat (D:3)
  2 frilled lizards
  A rat (D:1)
12 creatures vanquished.

Notes
Turn   | Place    | Note
-------+----------+-------------------------------------------
     0 | D:1      | tidbits the Gnoll Necromancer began the quest for the Orb.
     0 | D:1      | Reached XP level 1. HP: 13/13 MP: 6/6
   111 | D:2      | Reached XP level 2. HP: 9/19 MP: 1/7
   114 | D:2      | Learned a level 1 spell: Animate Skeleton
   153 | D:2      | You fall through a shaft!
   153 | D:3      | Found a hide-covered altar of Uskayaw.
   153 | D:3      | Found a sacrificial altar of Ru.
   160 | D:3      | Found a burning altar of Makhleb.
   160 | D:3      | Found a shimmering altar of Xom.
   160 | D:3      | Found a radiant altar of Vehumet.
   193 | D:3      | Slain by an orc

Action                   || total
-------------------------++-------
Melee: Spear             ||    13
 Cast: Pain              ||    20
  Use: Scroll            ||     2
       Potion            ||     1
Armor: Robe              ||     1
Dodge: Dodged            ||    11

Table legend:
 A = Turns spent in this place as a percentage of turns spent in the entire game.
 B = Non-inter-level travel turns spent in this place as a percentage of non-inter-level travel turns spent in the entire game.
 C = Inter-level travel turns spent in this place as a percentage of turns spent in this place.
 D = Turns resting spent in this place as a percentage of non-inter-level travel turns spent in this place.
 E = Turns spent auto-exploring this place as a percentage of non-inter-level travel turns spent in this place.
 F = Non-inter-level travel turns spent in this place divided by the number of levels of this place that you've seen.
                   A       B       C       D       E      F
               +-------+-------+-------+-------+-------+----------------------
         Total | 100.0 | 100.0 |   0.0 |   0.0 |   0.0 |  64.3
       Dungeon | 100.0 | 100.0 |   0.0 |   0.0 |   0.0 |  64.3
               +-------+-------+-------+-------+-------+----------------------

Table legend:
 A = Kills in this place as a percentage of kills in entire the game.
 B = Kills by you in this place as a percentage of kills by you in the entire game.
 C = Kills by friends in this place as a percentage of kills by friends in the entire game.
 D = Other kills in this place as a percentage of other kills in the entire game.
 E = Experience gained in this place as a percentage of experience gained in the entire game.
 F = Experience gained in this place divided by the number of levels of this place that you have seen.
                   A       B       C       D       E      F
               +-------+-------+-------+-------+-------+----------------------
         Total | 100.0 | 100.0 |   N/A |   N/A | 100.0 |   7.7
       Dungeon | 100.0 | 100.0 |   N/A |   N/A | 100.0 |   7.7
               +-------+-------+-------+-------+-------+----------------------

Vault maps used:
D:1:      lightli_arrival_isolated_outpost
D:3:      grunt_temple_overflow_open
